 Dungeon Crawl Stone Soup version 0.19.1-1-g22dce08 (webtiles) character file.

1705 dngmouse the Cleaver (level 8, 0/67 HPs)
             Began as a Minotaur Berserker on Jan 18, 2017.
             Was a High Priest of Trog.
             Killed from afar by an orc wizard (4 damage)
             ... with a puff of flame
             ... on level 6 of the Dungeon.
             The game lasted 00:11:13 (5777 turns).

dngmouse the Cleaver (Minotaur Berserker)           Turns: 5777, Time: 00:11:16

Health: 0/67       AC: 10    Str: 23    XL:     8   Next: 73%
Magic:  7/7        EV:  8    Int:  4    God:    Trog [*****.]
Gold:   223        SH:  0    Dex: 11    Spells: 0 memorised, 7 levels left

rFire  . . .     SeeInvis .     v - +1 hand axe (freeze)
rCold  . . .     Gourm    .     b - +0 chain mail
rNeg   . . .     Faith    .     (no shield)
rPois  .         Spirit   .     (helmet restricted)
rElec  .         Reflect  .     (no cloak)
rCorr  .         Harm     .     (no gloves)
MR     ++...                    (no boots)
Stlth  ..........               (no amulet)
                                u - +2 ring of protection
                                (no ring)

@: regenerating
A: retaliatory headbutt, horns 2
a: Berserk, Trog's Hand, Brothers in Arms, Burn Spellbooks, Renounce Religion


You were on level 6 of the Dungeon.
You worshipped Trog.
Trog was extremely pleased with you.
You were hungry.

You visited 1 branch of the dungeon, and saw 6 of its levels.
You also visited: Ossuary.

You collected 223 gold pieces.

Inventory:

Hand Weapons
 v - a +1 hand axe of freezing (weapon)
Armour
 b - a +0 chain mail (worn)
Jewellery
 t - an uncursed ring of ice
 u - a +2 ring of protection (right hand)
Wands
 D - a wand of random effects (13/48)
 F - a wand of flame (21/48)
Scrolls
 e - 2 scrolls of remove curse
 f - a scroll of magic mapping
 g - 8 scrolls of identify
 i - 2 scrolls of fear {unknown}
 k - 9 scrolls of teleportation {unknown}
 o - 2 scrolls of fog {unknown}
 p - a scroll of immolation {unknown}
 r - a scroll of recharging {unknown}
 y - a scroll of enchant armour {unknown}
 E - a scroll of noise {unknown}
 G - a scroll of acquirement {unknown}
Potions
 d - a potion of berserk rage {unknown}
 h - a potion of degeneration {unknown}
 j - a potion of agility {unknown}
 l - 3 potions of ambrosia {unknown}
 n - 2 potions of invisibility {unknown}
 q - a potion of cure mutation {unknown}
 s - a potion of heal wounds {unknown}
 w - a potion of curing {unknown}
 z - a potion of might {unknown}
 A - a potion of haste
 C - 4 potions of magic {unknown}
Comestibles
 a - 2 slices of pizza
 c - 7 bread rations
 m - 3 meat rations
 x - 2 fruits
 B - a beef jerky


   Skills:
 + Level 4.9 Fighting
 - Level 13.0 Axes
 - Level 2.4 Armour
 - Level 2.1 Dodging


You had 7 spell levels left.
You didn't know any spells.

Dungeon Overview and Level Annotations

Branches:
Dungeon (6/15)             Temple (0/1) D:5

Altars:
Makhleb
Vehumet

Shops:
D:4 (


Innate Abilities, Weirdness & Mutations

You reflexively headbutt those who attack you in melee.
You have a pair of horns on your head.


Message History

You miss the orc warrior.
The orc warrior is heavily wounded.
You barely miss something. Something hits you.
The orc warrior hits you with a halberd!
* * * LOW HITPOINT WARNING * * *
You're too confused!
You hear some strange, mumbled words.
Something tries to affect you, but you resist.
The orc warrior hits you with a halberd.
* * * LOW HITPOINT WARNING * * *
The orc closely misses you.
You feel less confused. The orc warrior closely misses you.
Something hits you but does no damage.
Your skin crawls.
You feel resistant to hostile enchantments.
You feel somewhat more hungry.
You hear some strange, mumbled words.
A puff of flame appears from out of thin air!
The puff of flame hits you!
You die...

###.#### ***,,.,.#.*,*
#...## ***.#..,*,** *
###..### *...,,*,,* **
##...## *#.#,,**,*
,**#####..#######.#,,,,,*
,.......#....##...#**,>,*
*######.........).####*,*
###........{ooF#*,*
##......@.##....#
##########**####


You could see an orc warrior, a bullfrog and an orc.

Vanquished Creatures
  Grinder (D:3)
  An orc warrior (D:6)
  An ice beast (D:5)
  A phantom (D:5)
  2 ogres
  2 bullfrogs (D:6)
  A scorpion (D:4)
  3 wights (D:6)
  3 centaur zombies (Ossuary)
  2 crimson imps (D:5)
  An orc priest (D:5)
  3 human zombies (Ossuary)
  3 hounds (D:5)
  An orc wizard (D:6)
  An iguana (D:6)
  2 worker ants
  A big kobold zombie (Ossuary)
  2 mummies (Ossuary)
  7 gnolls
  4 adders
  An ooze (D:1)
  2 adder zombies
  An adder skeleton (D:6)
  2 worms
  6 dart slugs
  2 leopard geckos
  6 orcs
  5 giant cockroaches
  8 goblins
  15 hobgoblins
  A jackal (D:4)
  7 kobolds
  A quokka (D:5)
  2 ball pythons
  4 bats
  7 frilled lizards
  4 hobgoblin zombies (Ossuary)
  A jackal zombie (Ossuary)
  12 kobold zombies (Ossuary)
  A leopard gecko zombie (D:5)
  11 orc zombies (Ossuary)
  A quokka skeleton (D:4)
  7 rats
  A rat zombie (Ossuary)
150 creatures vanquished.

Notes
Turn   | Place    | Note
-------+----------+-------------------------------------------
     0 | D:1      | dngmouse the Minotaur Berserker began the quest for the Orb.
     0 | D:1      | Reached XP level 1. HP: 19/19 MP: 0/0
   145 | D:1      | Reached skill level 4 in Axes
   374 | D:1      | Reached XP level 2. HP: 27/27 MP: 1/1
  1147 | D:2      | Reached ** piety under Trog
  1147 | D:2      | Reached XP level 3. HP: 14/33 MP: 2/2
  1388 | D:2      | Reached skill level 5 in Axes
  1434 | D:2      | Reached XP level 4. HP: 34/40 MP: 3/3
  1477 | D:2      | Reached skill level 6 in Axes
  1874 | D:3      | Found a burning altar of Makhleb.
  2001 | D:3      | Noticed Grinder
  2012 | D:3      | Killed Grinder
  2012 | D:3      | Reached skill level 8 in Axes
  2012 | D:3      | Reached XP level 5. HP: 7/46 MP: 4/4
  2012 | D:3      | Reached XP level 6. HP: 8/52 MP: 5/5
  2566 | D:3      | Reached *** piety under Trog
  2887 | D:4      | Found Jetopuq's Weapon Shop.
  2921 | D:4      | You fall through a shaft!
  2921 | D:5      | Entered Level 5 of the Dungeon
  3162 | D:4      | Reached skill level 9 in Axes
  3982 | D:5      | Reached XP level 7. HP: 59/59 MP: 6/6
  4184 | D:5      | Reached skill level 10 in Axes
  4351 | D:5      | Found a radiant altar of Vehumet.
  4386 | D:5      | Reached skill level 11 in Axes
  4644 | D:5      | Found a staircase to the Ecumenical Temple.
  5166 | D:6      | Reached XP level 8. HP: 63/66 MP: 7/7
  5203 | D:6      | Found a sand-covered staircase.
  5208 | Ossuary  | Entered an ossuary
  5255 | Ossuary  | Reached **** piety under Trog
  5377 | Ossuary  | Reached skill level 12 in Axes
  5499 | D:6      | Reached ***** piety under Trog
  5571 | D:6      | Reached skill level 13 in Axes
  5775 | D:6      | HP: 2/67 [orc warrior/halberd (3)]
  5777 | D:6      | Killed from afar by an orc wizard

Skill      XL: |  1  2  3  4  5  6  7  8 |
---------------+-------------------------+-----
Axes           | 4 5 8 9 11 13 | 13.0
Fighting       | 4 |  4.9
Armour         | |  2.4
Dodging        | |  2.1

Action                   |  1- 3 |  4- 6 |  7- 9 || total
-------------------------+-------+-------+-------++-------
Melee: Hand axe          |    75 |    91 |   238 ||   404
       Headbutt          |    11 |    14 |    57 ||    82
Invok: Berserk           |       |     1 |     1 ||     2
       Trog's Hand       |       |       |     1 ||     1
  Use: Scroll            |       |     5 |     1 ||     6
  Eat: Chunk             |     2 |     8 |     6 ||    16
       Fruit             |       |       |     1 ||     1
Armor: Animal skin       |     2 |       |       ||     2
       Leather armour    |     6 |    13 |       ||    19
       Chain mail        |       |    23 |    96 ||   119
Dodge: Dodged            |    56 |    27 |    70 ||   153
